[Event "Titled Tuesday Blitz March 21 Late 2023"]
[White "O`Gorman, Tom"]
[Black "Fernandez, Maria Florencia"]
[WhiteFideId "2508249"]
[BlackFideId "116459"]
[WhiteElo "2271"]
[BlackElo "2155"]
[Result "1/2-1/2"]
[Round "11"]
[TimeControl "180+2"]
[Date "2023.03.21"]
[WhiteClock "0:00:24"]
[BlackClock "0:00:07"]

1. e4 c5 2. Nf3 d6 3. c3 Nf6 4. Be2 g6 5. O-O Bg7 6. Bb5+ Nbd7 7. Re1 O-O 8. d4 a5 9. h3 Qb6 10. Bf1 a4 11. Na3 Qc7 12. Bf4 e5 13. Bh2 Nh5 14. dxc5 dxc5 15. Nb5 Qc6 16. Qd6 Qxd6 17. Nxd6 Nf4 18. Rad1 Nb6 19. Nxc8 Rfxc8 20. Rd6 Rc6 21. Rxc6 bxc6 22. Rd1 a3 23. b3 c4 24. bxc4 Na4 25. Rc1 Rb8 26. c5 Rb2 27. Bc4 Nxc5 28. Bxf4 exf4 29. e5 h6 30. Rd1 Ne6 31. Rd6 c5 32. Ra6 Rb1+ 33. Kh2 Rb2 34. Rxa3 Rxf2 35. Ra8+ Kh7 36. Ra7 Kg8 37. a4 Rc2 38. a5 Rxc3 39. Bxe6 fxe6 40. Rc7 Ra3 41. Rxc5 Bf8 42. Rb5 g5 43. Kg1 Kf7 44. Kf2 Be7 45. Nh2 Bd8 46. Ng4 Bxa5 47. Nxh6+ Kg6 48. Ng4 Kf5 49. Rb7 Ra2+ 50. Kf3 Ra3+ 51. Kf2 Ra2+ 52. Kg1 Bc3 53. Rf7+ Ke4 54. Rg7 Bd4+ 55. Kh2 Bxe5 56. Rxg5 Bd6 57. Nf6+ Ke3 58. Ng4+ Ke2 59. Ne5 f3 60. gxf3 Bxe5+ 61. Rxe5+ Kxf3+ 62. Kh1 Kg3 63. Re3+ Kh4 64. Kg1 e5 65. Kh1 e4 66. Kg1 Kg5 67. Rxe4 Kf5 68. Rg4 Rb2 69. Rg8 Ra2 70. h4 Rb2 71. Kf1 Kf6 72. Kg1 Kf7 73. Rg3 Kf6 74. h5 Kf5 75. h6 Rb8 76. Rg7 Rh8 77. h7 Kf6 78. Ra7 Kg6 79. Kg2 Rxh7 80. Rxh7 Kxh7 1/2-1/2


[Site "https://www.chess.com"]

[Event "Titled Tuesday Blitz March 21 Late 2023"]
[White "Bilan, Danila"]
[Black "Taboas Rodriguez, Daniel"]
[WhiteFideId "24161918"]
[BlackFideId "2208466"]
[WhiteElo "2182"]
[BlackElo "2365"]
[Result "0-1"]
[Round "11"]
[TimeControl "180+2"]
[Date "2023.03.21"]
[WhiteClock "0:00:10"]
[BlackClock "0:00:14"]

1. d4 Nf6 2. Nf3 g6 3. Bg5 Bg7 4. c3 O-O 5. Nbd2 b6 6. e4 Bb7 7. e5 Ne8 8. Bc4 d5 9. Bb3 f6 10. exf6 exf6 11. Bh4 Nd6 12. O-O Nf5 13. Re1 Nc6 14. Qe2 Na5 15. Qe6+ Kh8 16. Ne5 Nxh4 17. Nf7+ Rxf7 18. Qxf7 Nf5 19. Re2 Nd6 20. Qe6 Nxb3 21. axb3 c6 22. Rae1 Bf8 23. Qh3 Bc8 24. Qf3 Bf5 25. Qf4 Qd7 26. f3 h5 27. h3 g5 28. Qh2 h4 29. Nf1 Bg6 30. Re6 Kg7 31. g3 Bf7 32. R6e2 Nf5 33. g4 Bd6 34. Qf2 Ng3 35. Rd2 Bf4 36. Rdd1 Bg6 37. Kg2 a5 38. Ra1 Bd3 39. b4 Bxf1+ 40. Rxf1 Nxf1 41. Qxf1 Qd6 42. bxa5 bxa5 43. Re1 Rb8 44. Qe2 a4 45. Ra1 Ra8 46. Re1 Qd7 47. Ra1 Kf7 48. Qd3 Kg7 49. Qe2 Bd6 50. Re1 a3 51. Ra1 axb2 52. Qxb2 Rxa1 53. Qxa1 Bc7 54. Qa2 Qd6 55. Qe2 Qh2+ 56. Kf1 Qxe2+ 57. Kxe2 Ba5 58. Kd3 Kf7 59. c4 Ke6 60. c5 Kd7 61. Kc2 Kc7 62. Kd3 Kb7 63. f4 Ka6 64. fxg5 fxg5 65. Ke2 Kb5 66. Kd3 Kb4 0-1


[Site "https://www.chess.com"]

[Event "Titled Tuesday Blitz March 21 Late 2023"]
[White "Melikhov, Evgeny V."]
[Black "benny_aizenberg"]
[WhiteFideId "4122046"]
[WhiteElo "2158"]
[BlackElo "2612"]
[Result "0-1"]
[Round "11"]
[TimeControl "180+2"]
[Date "2023.03.21"]
[WhiteClock "0:01:24"]
[BlackClock "0:01:55"]

1. d4 d5 2. c4 e5 3. dxe5 d4 4. Nf3 Nc6 5. g3 Nge7 6. Bg2 Ng6 7. Bg5 Be7 8. Bxe7 Ngxe7 9. O-O O-O 10. Nbd2 Bg4 11. Nb3 Bxf3 12. exf3 Nxe5 13. Nxd4 Nxc4 14. b3 Nd6 15. f4 c5 16. Nf3 Qc7 17. Rc1 Rad8 18. Qc2 b6 19. Ng5 g6 20. Ne4 Nxe4 21. Qxe4 Nf5 22. Rfd1 Rfe8 23. Rxd8 Qxd8 24. Qd5 Qxd5 25. Bxd5 Re2 26. a4 Nd4 27. Bc4 Rb2 28. Re1 Nf3+ 29. Kf1 Nxe1 30. Kxe1 Kg7 31. g4 f5 32. g5 Rc2 33. h4 Rc3 34. Kf1 Rf3 35. Kg2 Rxf4 36. Kg3 Rg4+ 37. Kh3 h6 38. Be2 Re4 39. Bc4 hxg5 40. hxg5 Rg4 0-1


[Site "https://www.chess.com"]

[Event "Titled Tuesday Blitz March 21 Late 2023"]
[White "liwadas82"]
[Black "Ambartsumova, Karina"]
[BlackFideId "4166299"]
[WhiteElo "2425"]
[BlackElo "2300"]
[Result "1-0"]
[Round "11"]
[TimeControl "180+2"]
[Date "2023.03.21"]
[WhiteClock "0:00:16"]
[BlackClock "0:00:15"]

1. e4 c5 2. Nf3 e6 3. d4 cxd4 4. Nxd4 a6 5. Nc3 Qc7 6. Bd3 Nf6 7. O-O Nc6 8. Nxc6 bxc6 9. b3 Bd6 10. h3 Be5 11. Bb2 h5 12. Qe2 Ng4 13. hxg4 Bh2+ 14. Kh1 hxg4 15. g3 Bxg3+ 16. Kg1 Bh2+ 17. Kg2 Be5 18. Rh1 Rxh1 19. Rxh1 Qa5 20. Rh8+ Ke7 21. Qd2 Qc7 22. Qg5+ Bf6 23. Qxg4 d5 24. Ba3+ c5 25. Na4 Bd4 26. c3 e5 27. Qxg7 dxe4 28. Bxe4 Bb7 29. Rxa8 Bxe4+ 30. f3 Bxa8 31. cxd4 exd4 32. Qxd4 Ke6 33. Qxc5 Qf4 34. Qe7+ Kf5 35. Qxf7+ Kg5 36. Qxf4+ Kxf4 37. Bc1+ Kf5 38. Kg3 Bd5 39. Nc3 Bc6 40. f4 Bb7 41. Na4 Bc6 42. Nc5 Bb5 43. a4 Be2 44. Kf2 Bd1 45. Ke3 Bc2 46. b4 a5 47. bxa5 Bxa4 48. a6 Bc6 49. Bb2 Ba8 50. Be5 Kg6 51. Kd4 Kf5 52. Na4 Kg6 53. Nb6 Bc6 54. a7 Kf5 55. a8=Q Bxa8 56. Nxa8 Ke6 57. Nb6 Kf5 58. Nc4 Ke6 59. Ke4 Kf7 60. f5 Ke7 61. Kf4 Kf7 62. Kg5 Kf8 63. f6 Kf7 64. Kf5 Kf8 65. Kg6 Ke8 66. f7+ Kf8 67. Bd6# 1-0


[Site "https://www.chess.com"]

[Event "Titled Tuesday Blitz March 21 Late 2023"]
[White "The_Sherman_Variation"]
[Black "Tymrakiewicz, Rafal"]
[BlackFideId "1108832"]
[WhiteElo "2556"]
[BlackElo "2151"]
[Result "1-0"]
[Round "11"]
[TimeControl "180+2"]
[Date "2023.03.21"]
[WhiteClock "0:00:21"]
[BlackClock "0:00:03"]

1. b3 g6 2. Bb2 Nf6 3. g3 Bg7 4. Bg2 O-O 5. Nf3 d6 6. O-O e5 7. d3 Nc6 8. e4 Nh5 9. Nbd2 f5 10. exf5 Bxf5 11. Nh4 Be6 12. Qe2 Qd7 13. Rae1 Rae8 14. Nc4 Bh6 15. a4 Bg4 16. f3 Be6 17. Bh1 Qd8 18. Ne3 Nf4 19. gxf4 Qxh4 20. Ng2 Qh3 21. fxe5 dxe5 22. f4 Bg4 23. Qe4 Bf5 24. Qd5+ Be6 25. Qe4 exf4 26. Rf3 Qg4 27. h3 Qg5 28. c4 Bd7 29. h4 Rxe4 30. hxg5 Rxe1+ 31. Nxe1 Bxg5 32. d4 Bg4 33. Rf1 Re8 34. Bd5+ Kg7 35. Nf3 Bf6 36. Nh2 Be6 37. Bxe6 Rxe6 38. d5 Bxb2 39. dxe6 Bd4+ 40. Kg2 g5 41. Re1 Kf6 42. Kf3 h5 43. Ke4 Be3 44. Nf3 g4 45. Nh4 Kxe6 46. Ng2 Ne5 47. Nxf4+ 1-0


[Site "https://www.chess.com"]

[Event "Titled Tuesday Blitz March 21 Late 2023"]
[White "Munoz, Francisco Javier"]
[Black "Toktomushev, Teimur"]
[WhiteFideId "128368"]
[BlackFideId "14176726"]
[WhiteElo "2383"]
[BlackElo "2116"]
[Result "0-1"]
[Round "11"]
[TimeControl "180+2"]
[Date "2023.03.21"]
[WhiteClock "0:00:20"]
[BlackClock "0:00:17"]

1. e4 c5 2. Nc3 e6 3. f4 Nc6 4. Nf3 d5 5. Bb5 Ne7 6. d3 g6 7. O-O Bg7 8. Kh1 O-O 9. Bxc6 Nxc6 10. Qe1 Rb8 11. Ng5 h6 12. Nh3 b5 13. f5 exf5 14. Nxd5 Be6 15. Nhf4 Bxd5 16. Nxd5 Nd4 17. Qf2 fxe4 18. dxe4 f5 19. Bf4 fxe4 20. Qg3 Rb7 21. Nc3 Rbf7 22. Nxe4 g5 23. Nxg5 hxg5 24. Qxg5 Qxg5 0-1


[Site "https://www.chess.com"]

[Event "Titled Tuesday Blitz March 21 Late 2023"]
[White "Meunier-Pion, Jean"]
[Black "Petukhov, Dmitry"]
[WhiteFideId "20685327"]
[BlackFideId "4142748"]
[WhiteElo "2124"]
[BlackElo "2311"]
[Result "1/2-1/2"]
[Round "11"]
[TimeControl "180+2"]
[Date "2023.03.21"]
[WhiteClock "0:00:03"]
[BlackClock "0:00:45"]

1. e4 c5 2. Nf3 d6 3. d4 cxd4 4. Nxd4 Nf6 5. Nc3 Nc6 6. Bg5 Bd7 7. Bc4 Qa5 8. Bxf6 gxf6 9. Nb3 Qg5 10. Qd2 Qxg2 11. O-O-O h5 12. Kb1 Bh6 13. Qe1 Ne5 14. Bd5 Rg8 15. Qe2 Qf3 16. Qxf3 Nxf3 17. Bxb7 Rb8 18. Ba6 Bc6 19. Be2 Ne5 20. Bxh5 Rg2 21. Rdf1 Bf4 22. h4 Kd7 23. Bd1 Nc4 24. Ka1 Be5 25. Bf3 Rgg8 26. Rfg1 a5 27. Rxg8 Rxg8 28. Nc1 Nxb2 29. Kxb2 Rb8+ 30. Nb3 a4 31. Bg4+ e6 32. h5 axb3 33. axb3 Rc8 34. h6 Bxe4 35. Rh3 Bg2 36. Rd3 Bf1 37. Re3 f5 38. Bh5 Rxc3 39. Rxc3 Ke7 40. h7 Kf8 41. b4 Kg7 42. h8=Q+ Kxh8 43. Bxf7 Bc4 44. b5 Bxb5 45. Bxe6 f4 46. Kb3 Bxc3 47. Kxc3 Kg7 48. Bd5 Kf6 49. Kd4 Kf5 50. c4 Ba4 51. Bf3 Bb3 52. Be2 Ke6 53. Bg4+ Kf6 54. Be2 Bc2 55. Kd5 Ke7 56. Bf1 Bf5 57. Bg2 Bg6 58. Be4 Bh5 59. Bf5 Be2 60. Bh3 Bd3 61. Bg2 Be2 62. Be4 Bd1 63. Bd3 Ba4 64. Ke4 Kf6 65. Kxf4 Bc6 66. Ke3 Ke5 67. f4+ Kf6 68. Kd4 Ba4 69. Kd5 Ke7 70. Be4 Bb3 71. Kd4 Ke6 72. Bd3 Ke7 73. Be2 Bc2 74. Bg4 Bb3 75. Kc3 Ba4 76. Kd4 Bb3 77. Kd3 Ba4 78. Be2 Bc6 79. Ke3 Kf6 80. Bf3 Ba4 81. Bd5 Bb3 82. Kf3 Bd1+ 83. Ke3 Bc2 84. Be4 Bb3 85. Kd4 Ba2 86. Kd5 Ke7 87. f5 Bb3 88. Bd3 Kf6 89. Kxd6 Bxc4 90. Bxc4 Kxf5 1/2-1/2


[Site "https://www.chess.com"]

[Event "Titled Tuesday Blitz March 21 Late 2023"]
[White "Hindermann, Felix"]
[Black "Reprintsev, Alexander"]
[WhiteFideId "1305212"]
[BlackFideId "14100541"]
[WhiteElo "2206"]
[BlackElo "2229"]
[Result "1-0"]
[Round "11"]
[TimeControl "180+2"]
[Date "2023.03.21"]
[WhiteClock "0:00:17"]
[BlackClock "0:00:22"]

1. e4 d5 2. exd5 Qxd5 3. Nf3 Bg4 4. Be2 Nc6 5. h3 Bxf3 6. Bxf3 Qe6+ 7. Qe2 Nd4 8. Qxe6 Nxf3+ 9. gxf3 fxe6 10. Na3 g6 11. Nb5 Kd7 12. d3 a6 13. Nc3 Bh6 14. Be3 Rf8 15. Ke2 Rf5 16. Ne4 b6 17. h4 Bxe3 18. fxe3 Nf6 19. Ng5 h6 20. Nh3 Nh5 21. Rag1 Rhf8 22. f4 R8f6 23. Kd2 Ra5 24. a3 e5 25. fxe5 Rxe5 26. e4 Ree6 27. Ke3 c5 28. Rh2 Rf7 29. Rhg2 Ref6 30. Rf2 e5 31. Rxf6 Rxf6 32. Rg2 Ke6 33. Rf2 Rxf2 34. Nxf2 Nf4 35. Kf3 h5 36. Nd1 Kf6 37. Ne3 g5 38. hxg5+ Kxg5 39. Nd5 Nxd5 40. exd5 c4 41. dxc4 Kf5 42. b4 e4+ 43. Kg3 Ke5 44. c3 b5 45. d6 Kxd6 46. Kf4 bxc4 47. Kxe4 a5 48. b5 a4 49. Kf5 Kc5 50. Kg5 Kxb5 51. Kxh5 Kc5 52. Kg4 Kd6 53. Kf4 Kd5 54. Kf5 1-0


[Site "https://www.chess.com"]

[Event "Titled Tuesday Blitz March 21 Late 2023"]
[White "ArturoCaceres"]
[Black "Yelisieiev, Yevhenii"]
[BlackFideId "14139642"]
[WhiteElo "2399"]
[BlackElo "2447"]
[Result "0-1"]
[Round "11"]
[TimeControl "180+2"]
[Date "2023.03.21"]
[WhiteClock "0:00:41"]
[BlackClock "0:01:13"]

1. e4 d6 2. d4 Nf6 3. Nc3 e5 4. dxe5 dxe5 5. Qxd8+ Kxd8 6. Bc4 Ke8 7. Nf3 Bd6 8. Bg5 Nbd7 9. O-O-O a6 10. Rhe1 b5 11. Bb3 Bb7 12. Nd5 Nxd5 13. Bxd5 Bxd5 14. exd5 f6 15. Bd2 Kf7 16. Nh4 g6 17. g4 Rad8 18. Ng2 Nb6 19. Ba5 Bc5 20. Bxb6 Bxb6 21. f3 Rd6 22. b3 Rhd8 23. c4 bxc4 24. bxc4 c6 25. Ne3 Bxe3+ 26. Rxe3 cxd5 27. cxd5 Rxd5 28. Rxd5 Rxd5 29. Ra3 a5 30. Rc3 Ke6 31. Rc7 Rd7 32. Rc5 Ra7 33. Kd2 f5 34. gxf5+ gxf5 35. Ke3 a4 36. f4 e4 37. Re5+ Kf6 38. Rb5 Rd7 39. Rb6+ Kg7 40. Ra6 Rd3+ 41. Ke2 Ra3 42. Ra7+ Kg6 43. Ra6+ Kh5 44. Ra7 Kg4 45. Rxh7 Kxf4 46. Rh4+ Ke5 47. Rh8 Rxa2+ 48. Ke1 f4 49. h4 f3 50. h5 Rh2 51. h6 Kf4 52. Kf1 Ke3 53. Kg1 Rh5 54. Ra8 Rxh6 55. Rxa4 f2+ 56. Kf1 Rh1+ 0-1


[Site "https://www.chess.com"]

[Event "Titled Tuesday Blitz March 21 Late 2023"]
[White "Bolanos, Fernando"]
[Black "Hajiyev, Kanan"]
[WhiteFideId "3304094"]
[BlackFideId "13404148"]
[WhiteElo "2166"]
[BlackElo "2103"]
[Result "0-1"]
[Round "11"]
[TimeControl "180+2"]
[Date "2023.03.21"]
[WhiteClock "0:00:06"]
[BlackClock "0:00:19"]

1. e4 c6 2. d4 d5 3. e5 a6 4. f4 Nh6 5. Nf3 Bg4 6. Bd3 e6 7. Nc3 c5 8. Ne2 cxd4 9. Nexd4 Nc6 10. Be3 Nxd4 11. Bxd4 Qc7 12. c3 Bc5 13. Qa4+ Kf8 14. Bxc5+ Qxc5 15. Nd4 g6 16. Qb4 Qxb4 17. cxb4 Rc8 18. Kd2 Bf5 19. h3 Bxd3 20. Kxd3 Rc4 21. a3 Ke7 22. g4 Rhc8 23. Ne2 Ng8 24. Rac1 f6 25. b3 Rxc1 26. Rxc1 Rxc1 27. Nxc1 fxe5 28. fxe5 Kd7 29. Ne2 Ne7 30. Nd4 Nc6 31. Nf3 h6 32. h4 Ke7 33. Kc3 Kf7 34. a4 Ke7 35. b5 axb5 36. axb5 Na5 37. Nd4 Kd7 38. Kb4 b6 39. Kc3 Nb7 40. b4 Nd8 41. Ne2 Nf7 42. Kd4 g5 43. h5 Nd8 44. Ng1 Ke7 45. Nf3 Nb7 46. Ne1 Nd8 47. Nf3 Kf7 48. Ne1 Kg7 49. Nc2 Kf7 50. Ke3 Ke7 51. Nd4 Nf7 52. Nc6+ Kd7 53. Kd4 Nd8 54. Nb8+ Kc7 55. Na6+ Kb7 56. Kd3 Nf7 57. Kd4 Nh8 58. Ke3 Nf7 59. Kd4 Kc8 60. Nc5 bxc5+ 61. bxc5 Kc7 62. Kc3 Nxe5 63. Kb4 Nd3+ 64. Kc3 Nxc5 0-1


[Site "https://www.chess.com"]

[Event "Titled Tuesday Blitz March 21 Late 2023"]
[White "Krzywda, Andrzej"]
[Black "angelgab3"]
[WhiteFideId "1114565"]
[WhiteElo "2155"]
[BlackElo "2521"]
[Result "0-1"]
[Round "11"]
[TimeControl "180+2"]
[Date "2023.03.21"]
[WhiteClock "0:00:35"]
[BlackClock "0:00:20"]

1. c4 Nf6 2. g3 e6 3. Bg2 d5 4. Nf3 d4 5. b3 c5 6. Ne5 Bd6 7. Nd3 e5 8. f4 e4 9. Ne5 Qe7 10. d3 Nbd7 11. Nxd7 Bxd7 12. O-O Bc6 13. Nd2 O-O 14. dxe4 Nxe4 15. Qc2 Rfe8 16. Nxe4 Bxe4 17. Bxe4 Qxe4 18. Qxe4 Rxe4 19. Re1 Rae8 20. Kf2 h5 21. Bd2 h4 22. e3 hxg3+ 23. hxg3 f5 24. exd4 cxd4 25. b4 Kf7 26. c5 Be7 27. Rac1 Bf6 28. c6 bxc6 29. Rxc6 d3 30. Rxe4 Rxe4 31. Be3 Bd4 32. Bxd4 d2 33. Rc7+ Ke8 0-1


[Site "https://www.chess.com"]

[Event "Titled Tuesday Blitz March 21 Late 2023"]
[White "Kashefi, Amir Hosein"]
[Black "Abduzhaparov"]
[WhiteFideId "12557935"]
[WhiteElo "2078"]
[BlackElo "2376"]
[Result "0-1"]
[Round "11"]
[TimeControl "180+2"]
[Date "2023.03.21"]
[WhiteClock "0:00:02"]
[BlackClock "0:00:05"]

1. d4 d6 2. c4 Nf6 3. Nc3 Nbd7 4. e4 e5 5. Be3 Be7 6. Be2 O-O 7. Nf3 Re8 8. h3 exd4 9. Nxd4 Nc5 10. f3 c6 11. O-O d5 12. cxd5 cxd5 13. e5 Nh5 14. f4 Ng3 15. Bf3 Nxf1 16. Qxf1 Ne4 17. Rd1 f5 18. Nde2 Be6 19. Nxe4 fxe4 20. Bxe4 Qa5 21. Bb1 Bc5 22. Nd4 Bxd4 23. Bxd4 Rf8 24. f5 Qa4 25. g4 Rae8 26. Qd3 Bd7 27. e6 Bb5 28. Qf3 Rxe6 29. b3 Re1+ 30. Kf2 Re2+ 31. Kg3 Qb4 32. Qxd5+ Kh8 33. Qc5 Qxc5 34. Bxc5 Rc8 35. a4 Bc6 36. Bd3 Rg2+ 37. Kf4 h6 38. Bd4 Rd8 39. Bf1 Rf2+ 40. Ke3 Rxf1 41. Rxf1 Re8+ 42. Kd3 Rd8 43. Kc3 b5 44. axb5 Bxb5 45. f6 Rc8+ 46. Kb2 Bxf1 0-1


[Site "https://www.chess.com"]

[Event "Titled Tuesday Blitz March 21 Late 2023"]
[White "Todev, Simeon"]
[Black "Urbina Perez, Juan Antonio"]
[WhiteFideId "2925133"]
[BlackFideId "2217368"]
[WhiteElo "1938"]
[BlackElo "2197"]
[Result "0-1"]
[Round "11"]
[TimeControl "180+2"]
[Date "2023.03.21"]
[WhiteClock "0:00:02"]
[BlackClock "0:00:11"]

1. e4 c5 2. Nf3 d6 3. c3 Nf6 4. Bd3 Nc6 5. Bc2 e6 6. d4 Be7 7. O-O O-O 8. Bg5 h6 9. Bh4 cxd4 10. cxd4 d5 11. Nc3 Nxe4 12. Bxe7 Nxe7 13. Nxe4 dxe4 14. Bxe4 Bd7 15. Ne5 Bc6 16. Nxc6 bxc6 17. Bc2 Rb8 18. Qd3 g6 19. Qc3 Qd6 20. Rfd1 Nd5 21. Qh3 Kg7 22. b3 Rfd8 23. Be4 Nf6 24. Qf3 c5 25. dxc5 Qxc5 26. h3 Qe5 27. Bd3 Rd6 28. Bc4 Rbd8 29. Rac1 Qb2 30. Qe2 Rxd1+ 31. Rxd1 Rxd1+ 32. Qxd1 Qxa2 33. Qd4 Qb1+ 34. Kh2 a5 35. Qa7 Qf5 36. Qe3 Nd7 37. f4 g5 38. Qd4+ Nf6 39. fxg5 hxg5 40. Kg1 Qf4 41. Qc3 Qf5 42. Bd3 Qd5 43. Bc4 Qc5+ 44. Kh1 Qc7 45. Qd2 Qe5 46. Qc1 Ne4 47. Kg1 Qd4+ 48. Kh2 Qe5+ 49. Kg1 Ng3 50. Qd2 Nh5 51. Be2 Nf4 52. Bf3 Qc5+ 53. Kh2 Kf6 54. h4 Qe5 55. g3 Ng6 56. hxg5+ Qxg5 57. Qc3+ Qe5 58. Qc8 Kg7 59. Qc2 Ne7 60. Qd2 Nf5 61. Qf2 Qe3 62. Qf1 Qh6+ 63. Kg1 Qe3+ 64. Kh2 Nd4 65. Bg2 Qh6+ 66. Kg1 Qe3+ 67. Kh2 Ne2 68. Qe1 Qh6+ 69. Bh3 Nd4 70. Qa1 Qf6 71. Qe1 Nf3+ 0-1


[Site "https://www.chess.com"]

[Event "Titled Tuesday Blitz March 21 Late 2023"]
[White "Golubev, Mikhail"]
[Black "Vadim_Galchenko"]
[WhiteFideId "14100983"]
[WhiteElo "2374"]
[BlackElo "2266"]
[Result "1-0"]
[Round "11"]
[TimeControl "180+2"]
[Date "2023.03.21"]
[WhiteClock "0:01:41"]
[BlackClock "0:02:05"]

1. e4 e6 2. d4 d5 3. Nc3 Nf6 4. e5 Ne4 5. Nce2 f6 6. f3 Ng5 7. exf6 Qxf6 8. Ng3 Bd6 9. f4 Ne4 10. Nxe4 dxe4 11. Nh3 c5 12. dxc5 Bxc5 13. Qh5+ 1-0


[Site "https://www.chess.com"]

[Event "Titled Tuesday Blitz March 21 Late 2023"]
[White "Stelmaszyk, Nico"]
[Black "Torres Dominguez, David"]
[WhiteFideId "16200462"]
[BlackFideId "2220857"]
[WhiteElo "2255"]
[BlackElo "1999"]
[Result "0-1"]
[Round "11"]
[TimeControl "180+2"]
[Date "2023.03.21"]
[WhiteClock "0:00:45"]
[BlackClock "0:00:26"]

1. e4 Nc6 2. d4 e5 3. dxe5 Nxe5 4. f4 Nc6 5. Nf3 Bb4+ 6. Bd2 d5 7. e5 Bc5 8. Nc3 a6 9. Qe2 Nge7 10. O-O-O Be6 11. Be3 d4 12. Ne4 Ba7 13. a3 Qd5 14. Nc3 Qa5 15. Nxd4 Bxd4 16. Bxd4 O-O-O 17. Bf2 Nd5 18. Nxd5 Rxd5 19. Rxd5 Qxd5 20. Kb1 Qa2+ 21. Kc1 Qa1+ 22. Kd2 Qxb2 23. Ke3 Qd4+ 24. Kf3 Qb2 25. Kg3 Rd8 26. Qf3 Qxc2 27. h4 Qg6+ 28. Kh2 Nd4 29. Qe3 Qc2 30. Bd3 Nf3+ 31. gxf3 Rxd3 32. Qa7 b6 33. Kg3 Bd5 34. Qxa6+ Kb8 0-1


[Site "https://www.chess.com"]

[Event "Titled Tuesday Blitz March 21 Late 2023"]
[White "Baches Garcia, Guillermo"]
[Black "Sztokbant, Bernardo Vainzoff"]
[WhiteFideId "2209764"]
[BlackFideId "2115956"]
[WhiteElo "2443"]
[BlackElo "2222"]
[Result "0-1"]
[Round "11"]
[TimeControl "180+2"]
[Date "2023.03.21"]
[WhiteClock "0:00:10"]
[BlackClock "0:00:03"]

1. Nc3 Nf6 2. d4 d5 3. Bf4 c6 4. e3 Bf5 5. Bd3 Bxd3 6. cxd3 e6 7. g4 Bd6 8. g5 Ng8 9. Bxd6 Qxd6 10. f4 Ne7 11. Nf3 Nd7 12. Ne5 Nf5 13. Qf3 O-O 14. O-O f6 15. gxf6 gxf6 16. Nxd7 Qxd7 17. Kh1 Kh8 18. Rg1 Rg8 19. Ne2 Rg6 20. Rxg6 hxg6 21. Rg1 Rg8 22. Ng3 Nh6 23. Ne2 Qh7 24. Rg3 Kg7 25. Rh3 Rh8 26. Ng3 Qg8 27. e4 Qf8 28. f5 exf5 29. exf5 Qb4 30. fxg6 Qe1+ 31. Kg2 Qd2+ 32. Kh1 Qc1+ 33. Nf1 Re8 34. Kg2 Qxb2+ 35. Kg3 Qxd4 36. Qh5 Qxd3+ 37. Kf2 Qd4+ 38. Kf3 Qd1+ 39. Kf2 Qe1+ 40. Kg1 Rh8 41. Re3 Qb4 42. Qe2 Qg4+ 43. Qxg4 Nxg4 44. Re7+ Kxg6 45. Rxb7 Rh7 46. Ng3 Rxb7 0-1


[Site "https://www.chess.com"]

[Event "Titled Tuesday Blitz March 21 Late 2023"]
[White "Forgacs, Attila Jr."]
[Black "Ladan, Nicholas"]
[WhiteFideId "773654"]
[BlackFideId "30918855"]
[WhiteElo "2168"]
[BlackElo "2167"]
[Result "1-0"]
[Round "11"]
[TimeControl "180+2"]
[Date "2023.03.21"]
[WhiteClock "0:00:47"]
[BlackClock "0:00:03"]

1. e4 e5 2. Nf3 Nc6 3. Bb5 a6 4. Ba4 Nge7 5. c3 Ng6 6. d4 exd4 7. cxd4 d5 8. e5 Bb4+ 9. Nc3 O-O 10. O-O Bg4 11. Be3 b5 12. Bc2 Bxc3 13. bxc3 Na5 14. h3 Bxf3 15. Qxf3 Nc4 16. Rae1 c6 17. Qg4 Qh4 18. Qxh4 Nxh4 19. Bc1 a5 20. f4 f5 21. exf6 Rxf6 22. f5 Raf8 23. Bg5 Rxf5 24. Bxh4 Rxf1+ 25. Rxf1 Rxf1+ 26. Kxf1 Ne3+ 27. Ke2 Nxc2 28. Be7 b4 29. Kd2 Na3 30. cxb4 Nc4+ 31. Kc3 a4 32. b5 cxb5 33. Kb4 Kf7 34. Bc5 Ke6 35. Kxb5 Ne3 36. g4 Nd1 37. Kxa4 Nf2 38. Kb5 Nxh3 39. a4 g5 40. Kc6 1-0


[Site "https://www.chess.com"]

[Event "Titled Tuesday Blitz March 21 Late 2023"]
[White "Carbone, Diego"]
[Black "Castellanos Gomez, Alejandro"]
[WhiteFideId "3002179"]
[BlackFideId "22284141"]
[WhiteElo "2266"]
[BlackElo "2158"]
[Result "1-0"]
[Round "11"]
[TimeControl "180+2"]
[Date "2023.03.21"]
[WhiteClock "0:00:06"]
[BlackClock "0:00:06"]

1. d4 g6 2. c4 Bg7 3. g3 Nf6 4. Bg2 O-O 5. Nc3 d6 6. Nf3 Nc6 7. O-O e5 8. dxe5 dxe5 9. Bg5 Be6 10. Qc1 Bxc4 11. Nd2 Be6 12. Nde4 Nd4 13. e3 Nxe4 14. Bxd8 Nxc3 15. Kh1 Nce2 16. Qxc7 Raxd8 17. exd4 exd4 18. Qxb7 d3 19. Rad1 Rb8 20. Qxa7 Rxb2 21. Rxd3 Rxa2 22. Qe3 Bc4 23. Rd2 Rxd2 24. Qxd2 Nc3 25. Rc1 Rb8 26. h3 Rb3 27. Qd8+ Bf8 28. Qc8 Be6 29. Qc7 Nb5 30. Qd8 Kg7 31. Ra1 Bc5 32. Ra8 Kh6 33. Qf6 Bd4 34. Qh4+ Kg7 35. Qd8 Rb1+ 36. Kh2 Bxf2 37. Qf8+ Kf6 38. Qh8+ Kf5 39. g4+ Kf4 40. Qf6+ Ke3 41. Qe5+ Kd3 42. Qe4+ Kd2 43. Qxb1 Nc3 44. Rd8+ Bd5 45. Qb2+ Kd3 46. Rxd5+ Nxd5 47. Qxf2 Ne3 48. Qf3 Kd2 49. h4 f5 50. gxf5 gxf5 51. Bh3 Kd3 52. Bxf5+ Kd4 53. Bxh7 Nd5 54. Bg6 Ne7 55. h5 Ke5 56. Qg3+ Ke6 57. Bd3 Kf6 58. h6 Ke6 59. h7 Nf5 60. Bxf5+ Kf7 61. Qg6+ Ke7 62. Qg7+ Kd6 63. h8=Q Kd5 64. Qd8+ Kc4 65. Qgc7+ Kb5 66. Qdb8+ Ka6 67. Qca7# 1-0


[Site "https://www.chess.com"]

[Event "Titled Tuesday Blitz March 21 Late 2023"]
[White "Stachanczyk, Jacek"]
[Black "Kubatko, Ivan"]
[WhiteFideId "1116657"]
[BlackFideId "24111473"]
[WhiteElo "2084"]
[BlackElo "2285"]
[Result "0-1"]
[Round "11"]
[TimeControl "180+2"]
[Date "2023.03.21"]
[WhiteClock "0:00:17"]
[BlackClock "0:00:05"]

1. e4 d5 2. exd5 Qxd5 3. Nc3 Qa5 4. d4 Nf6 5. Bc4 Bg4 6. f3 Be6 7. Bxe6 fxe6 8. f4 Nc6 9. Nf3 O-O-O 10. Qe2 Nxd4 11. Nxd4 Rxd4 12. Qxe6+ Rd7 13. Be3 g6 14. Rd1 Qf5 15. Qxf5 gxf5 16. Rxd7 Kxd7 17. Ke2 e6 18. Rd1+ Kc6 19. a4 a6 20. b4 b5 21. axb5+ axb5 22. Ra1 Bxb4 23. Ra6+ Kb7 24. Ra7+ Kc6 25. Bd4 Rf8 26. Ra6+ Kd7 27. Nxb5 Nd5 28. g3 Bd6 29. c4 Nb4 30. Ra4 Nc6 31. c5 Be7 32. Be3 Rb8 33. Nc3 Rb2+ 34. Kf3 Rb3 35. Rc4 Bf6 36. Bd2 Nd4+ 37. Kf2 Nc6 38. Ne2 Rb2 39. Be3 e5 40. fxe5 Nxe5 41. Rd4+ Ke6 42. Rd2 Nc4 43. Rxb2 Bxb2 44. Nf4+ Ke5 45. h4 Ke4 46. Ng2 Nxe3 47. Nxe3 Bd4 0-1


[Site "https://www.chess.com"]

[Event "Titled Tuesday Blitz March 21 Late 2023"]
[White "Jiganchine, Roman"]
[Black "Kaplan, Avi Harrison"]
[WhiteFideId "2603667"]
[BlackFideId "30934559"]
[WhiteElo "2327"]
[BlackElo "1983"]
[Result "1/2-1/2"]
[Round "11"]
[TimeControl "180+2"]
[Date "2023.03.21"]
[WhiteClock "0:00:13"]
[BlackClock "0:00:03"]

1. e4 Nc6 2. Nf3 g6 3. d4 Bg7 4. Be2 d6 5. h3 e5 6. Be3 f5 7. dxe5 fxe4 8. Ng5 Bxe5 9. Nc3 Nf6 10. Ngxe4 Nxe4 11. Nxe4 Bxb2 12. O-O Qe7 13. Rb1 Bg7 14. Ng5 O-O 15. Bc4+ Kh8 16. Re1 h6 17. Nf3 Qf6 18. Bd5 a5 19. Qd2 Kh7 20. Bxc6 bxc6 21. Bd4 Qf7 22. Bxg7 Qxg7 23. Nd4 Bd7 24. Ne6 Bxe6 25. Rxe6 Rae8 26. Rbe1 Qf7 27. Rxe8 Rxe8 28. Rxe8 Qxe8 29. Qxa5 Qf7 30. a4 h5 31. Qc3 c5 32. a5 Qa2 33. Kh2 Qa4 34. g3 Qa2 35. h4 Qf7 36. Kg2 Qd5+ 37. Qf3 Qa2 38. Qc3 Qa4 39. Kh2 c6 40. Kg2 Qe4+ 41. Kh2 Qf5 42. Kg1 Qf7 43. a6 Qa2 44. Qd3 Qa1+ 45. Kh2 Kg7 46. c3 Qa5 47. Qc4 d5 48. Qd3 c4 49. Qd4+ Kh7 50. a7 Qa6 51. Qc5 Qa2 52. Kg2 Qe2 53. Qe3 Qa2 54. Qe7+ Kh6 55. Qg5+ Kg7 56. Qe3 Qa6 57. Qe7+ Kh6 58. Qc5 Qb7 59. Qa5 Qa8 60. Kf3 c5 61. Ke2 d4 62. cxd4 Qe4+ 63. Kf1 Qh1+ 64. Ke2 Qe4+ 65. Kd2 Qd3+ 66. Ke1 Qb1+ 67. Ke2 Qc2+ 68. Kf3 Qd3+ 69. Kg2 Qe4+ 70. f3 Qe2+ 71. Kh3 Qf1+ 72. Kh2 Qf2+ 73. Kh3 Qf1+ 74. Kh2 Qf2+ 75. Kh3 Qf1+ 1/2-1/2


[Site "https://www.chess.com"]